 Dungeon Crawl Stone Soup version 0.31-a0-83-gbff143cfd1 (webtiles) character file.

Game seed: 8857326993860658099

612 porpoise the Shooter (level 7, -1/44 HPs)
             Began as a Kobold Hunter on May 25, 2023.
             Slain by Duvessa
             ... wielding a +0 short sword of freezing
              (2 damage)
             ... on level 5 of the Dungeon.
             The game lasted 00:11:49 (4667 turns).

porpoise the Shooter (Kobold Hunter)                Turns: 4667, Time: 00:11:51

Health: -1/44      AC:  9    Str:  9    XL:     7   Next: 72%
Magic:  7/7        EV: 17    Int: 10    God:
Gold:   106        SH:  5    Dex: 20    Spells: 6/6 levels left

rFire   . . .        a - +0 shortbow
rCold   . . .        (shield currently unavailable)
rNeg    + . .        c - +0 leather armour
rPois   .            l - +2 helmet
rElec   .            s - +0 cloak
rCorr   +            (no gloves)
SInv    .            q - +1 pair of boots
Will    +....        f - amulet of reflection
Stlth   ++++         h - ring of positive energy
HPRegen 0.27/turn    k - ring of resist corrosion
MPRegen 0.10/turn

%: reflection
@: enlightened, flying
A: small, no large weapons, nightstalker 3
a: no special abilities


You were on level 5 of the Dungeon.
You visited 1 branch of the dungeon, and saw 5 of its levels.

You collected 184 gold pieces.
You spent 78 gold pieces at shops.

Inventory:

Hand Weapons
 a - a +0 shortbow (weapon)
 b - a +1 hammer of draining
Missiles
 d - 5 boomerangs
 j - 5 poisoned darts
Armour
 c - a +0 leather armour (worn)
 l - a +2 helmet (worn)
 q - a +1 pair of boots (worn)
 s - a +0 cloak (worn)
Jewellery
 f - an amulet of reflection (around neck)
 h - a ring of positive energy (left hand)
 k - a ring of resist corrosion (right hand)
 C - a ring of fire
Wands
 y - a wand of charming (10)
Scrolls
 e - a scroll of enchant armour
 m - 2 scrolls of fear
 n - a scroll of blinking
 o - a scroll of vulnerability
 t - a scroll of immolation
 u - a scroll of noise
 v - a scroll of enchant weapon {unknown}
 x - a scroll of brand weapon {unknown}
Potions
 g - a potion of heal wounds {unknown}
 i - 2 potions of magic
 p - a potion of enlightenment
 r - a potion of berserk rage {unknown}
 w - 2 potions of brilliance {unknown}
 z - a potion of haste
 A - a potion of invisibility {unknown}


   Skills:
 + Level 4.7 Fighting
 + Level 7.4 Ranged Weapons
 + Level 5.1 Dodging
 + Level 5.6 Stealth


You had 6 spell levels left.
You didn't know any spells.
Your spell library contained the following spells:

 Spells                   Type           Power      Damage    Failure   Level
 Shock                    Conj/Air       0%         1d3       47%         1
 Summon Small Mammal      Summ           0%         N/A       47%         1
 Call Canine Familiar     Summ           0%         N/A       85%         3
 Inner Flame              Hex/Fire       0%         N/A       85%         3
 Summon Guardian Golem    Hex/Summ       0%         N/A       85%         3
 Swiftness                Air            0%         N/A       85%         3
 Airstrike                Air            0%         2d(0-16)  99%         4
 Yara's Violent Unravell  Hex/Tmut       0%         3d3       100%        5
 Enfeeble                 Hex            0%         N/A       100%        7


Dungeon Overview and Level Annotations

Branches:
Dungeon (5/15)
 Temple: D:4-7

Altars:
Wu Jian

Shops:
D:1 (   D:3 ?

Annotations:
D:5 Dowan, Duvessa


Innate Abilities, Weirdness & Mutations

You are small and have problems with some larger weapons.
You are completely attuned to the shadows.


Message History

Duvessa gestures with her weapon.
Duvessa hits you with a +0 short sword of freezing.
Duvessa freezes you. Dowan hits you with a +0 dagger.
You are too injured to fight recklessly!
You are too injured to fight recklessly!
You are too injured to fight recklessly!
You are too injured to fight recklessly!
You are too injured to fight recklessly!
Fire: a) +0 shortbow
Press: ? - help, Q - select action, (/) - cycle Shift-Dir - straight line, f/p - Duvessa
Aim: Duvessa, wielding a +0 short sword of freezing and wearing a +0 leather armour (almost dead, fast, 70% to hit)
You shoot an arrow.
The arrow hits Duvessa but does no damage.
Duvessa is almost dead.
Duvessa hits you with a +0 short sword of freezing.
Duvessa freezes you.
You feel very buoyant.
You fly up into the air.
Duvessa hits you with a +0 short sword of freezing.
* * * LOW HITPOINT WARNING * * *
Duvessa freezes you.
* * * LOW HITPOINT WARNING * * *
Dowan casts a spell.
Dowan blinks!
Duvessa hits you with a +0 short sword of freezing.
* * * LOW HITPOINT WARNING * * *
Duvessa freezes you.
* * * LOW HITPOINT WARNING * * *
You feel better. Duvessa misses you.
Fire: a) +0 shortbow
Press: ? - help, Q - select action, (/) - cycle Shift-Dir - straight line, f/p - Duvessa
Aim: Duvessa, wielding a +0 short sword of freezing and wearing a +0 leather armour (almost dead, fast, 70% to hit)
You shoot an arrow.
The arrow hits Duvessa but does no damage.
Duvessa is almost dead.
Duvessa says, "Beauty is only skin deep, and my weapons penetrate much further than that."
Duvessa hits you with a +0 short sword of freezing.
* * * LOW HITPOINT WARNING * * *
Duvessa freezes you.
You die...

......... .. .........
####... ........
#.....####...... ....#
###.......@...[...
#...###......<..e..e....
#...##..#...............
.....#.#####..........!.
#...>.## #........####
.#..#....# #........#
....##.#.# #........#
.#.....#.# ##########
##.#..... #####


You could see Duvessa (fast) and Dowan.

Vanquished Creatures
  Grinder (D:3)
  A black bear (D:5)
  A scorpion (D:5)
  Crazy Yiuf (D:2)
  An iguana (D:5)
  2 orc wizards (D:4)
  Robin (D:2)
  3 adders
  A shadow imp (D:3)
  2 ufetubi
  3 worms
  2 dart slugs
  7 orcs
  5 bats
  6 endoplasms
  2 giant cockroaches (D:3)
  12 goblins
  6 hobgoblins
  A jackal (D:2)
  9 kobolds
  4 quokkas
  9 ball pythons
  5 frilled lizards
  5 rats
90 creatures vanquished.

Notes
Turn   | Place    | Note
-------+----------+-------------------------------------------
     0 | D:1      | porpoise the Kobold Hunter began the quest for the Orb.
     0 | D:1      | Reached XP level 1. HP: 12/12 MP: 1/1
   202 | D:1      | Reached XP level 2. HP: 18/18 MP: 2/2
   304 | D:1      | Noticed a +0 rapier
   307 | D:1      | Found Ranikh's Weapon Shoppe.
   309 | D:1      | Noticed a +0 demon whip
   992 | D:2      | Reached XP level 3. HP: 22/22 MP: 3/3
  1074 | D:2      | Noticed Robin
  1077 | D:2      | Killed Robin
  1434 | D:2      | Reached XP level 4. HP: 27/27 MP: 4/4
  2321 | D:2      | Found a runed translucent door.
  2324 | D:2      | Noticed Crazy Yiuf
  2330 | D:2      | Killed Crazy Yiuf
  2331 | D:2      | Reached skill level 6 in Ranged Weapons
  2331 | D:2      | Reached XP level 5. HP: 20/32 MP: 5/5
  2673 | D:3      | Noticed Grinder
  2681 | D:3      | Killed Grinder
  2682 | D:3      | Reached XP level 6. HP: 37/38 MP: 6/6
  3061 | D:3      | Found Gaucveza's Magic Scroll Shop.
  3064 | D:3      | Bought a scroll of fear for 52 gold pieces
  3064 | D:3      | Bought a scroll of identify for 26 gold pieces
  3192 | D:4      | Reached XP level 7. HP: 43/43 MP: 7/7
  3279 | D:4      | Reached skill level 5 in Stealth
  3716 | D:4      | Reached skill level 7 in Ranged Weapons
  4209 | D:4      | Found an ornate altar of the Wu Jian Council.
  4543 | D:5      | Entered Level 5 of the Dungeon
  4575 | D:5      | Reached skill level 5 in Dodging
  4649 | D:5      | Noticed Duvessa
  4650 | D:5      | Noticed Dowan
  4665 | D:5      | HP: 1/44 [Duvessa/+0 short sword of freezing (3)]
  4667 | D:5      | Slain by Duvessa

Illustrated notes

Levels and vault maps discovered:
D:1:      psy_arrival_dodecagon, layout_basic, serial_shops,
          nicolae_shop_mannequins
D:2:      layout_loops_ring, minmay_randomly_rotated_circles,
          uniq_crazy_yiuf_cottage, uniq_robin
D:3:      layout_basic, serial_shops, nicolae_shop_rolled_up, kennysheep_potato,
          uniq_grinder
D:4:      layout_cave_pods, kennysheep_little_box, serial_glass,
          glass_columns_c, glass_columns_a, amethyst_killhole
D:5:      layout_basic, general_overflow_altar, hangedman_decor_clover_reticule,
          uniq_menkaure, uniq_eustachio, uniq_duvessa, uniq_pikel

Skill      XL: |  1  2  3  4  5  6  7 |
---------------+----------------------+-----
Stealth        | 2 3 4 5 |  5.6
Dodging        | 3 4 5 |  5.1
Fighting       | 3 4 |  4.7
Ranged Weapons | 6 7 |  7.4

Action                     |  1- 3 |  4- 6 |  7- 9 || total
---------------------------+-------+-------+-------++-------
  Melee: Mace              |       |    10 |    36 ||    46
         Shortbow          |       |       |     3 ||     3
   Fire: Shortbow          |    65 |   139 |    75 ||   279
    Use: Scroll            |       |     7 |     2 ||     9
         Potion            |       |       |     4 ||     4
   Stab: Sleeping          |       |     2 |       ||     2
 Armour: Leather armour    |     5 |    13 |    77 ||    95
  Dodge: Dodged            |    14 |    65 |   102 ||   181
  Block: Other             |     6 |    23 |    20 ||    49

Table legend: (Time is in decaauts)
 A = Elapsed time spent in this place.
 B = Non-inter-level travel time spent in this place.
 C = Inter-level travel time spent in this place.
 D = Time resting spent in this place.
 E = Time spent auto-exploring this place.
 F = Levels seen in this place.
 G = Mean time per level.
                   A        B        C        D        E       F      G
               +--------+--------+--------+--------+--------+-----+--------+
         Total |   4718 |   4551 |    167 |    761 |   3131 |   5 |  943.6 |
       Dungeon |   4718 |   4551 |    167 |    761 |   3131 |   5 |  943.6 |
               +--------+--------+--------+--------+--------+-----+--------+

Top non-repeatable levels by time:
     D:2: 1462 daAuts
     D:4: 1188 daAuts
     D:1: 990 daAuts
     D:3: 950 daAuts
     D:5: 126 daAuts
